 Dungeon Crawl Stone Soup version 0.31.0-32-g396128a36d (webtiles) character file.

Game seed: 12556660440936981486

15 SchramBam the Covered (level 2, 27/27 HPs)
             Began as a Minotaur Fighter on Mar 29, 2024.
             Quit the game on level 2 of the Dungeon.
             The game lasted 00:15:15 (624 turns).

SchramBam the Covered (Minotaur Fighter)             Turns: 624, Time: 00:15:16

Health: 27/27      AC:  7    Str: 20    XL:     2   Next: 34%
Magic:  1/1        EV:  9    Int:  5    God:
Gold:   133        SH:  4    Dex:  9    Spells: 1/1 levels left

rFire   . . .        a - +0 long sword
rCold   . . .        c - +0 buckler
rNeg    . . .        b - +0 scale mail
rPois   .            (helmet restricted)
rElec   .            (no cloak)
rCorr   .            (no gloves)
SInv    .            (no boots)
Will    .....        (no amulet) Stlth
                     (no ring)
HPRegen 0.24/turn    (no ring)
MPRegen 0.07/turn

%: no passive effects
@: no status effects
A: horns 2, retaliatory headbutt
a: no special abilities


You were on level 2 of the Dungeon.
You visited 1 branch of the dungeon, and saw 2 of its levels.

You collected 133 gold pieces.

Inventory:

Hand Weapons
 a - a +0 long sword (weapon)
 n - a +0 whip
 o - a +0 dagger
 p - a +0 club
 q - a +0 club
 t - a +0 quarterstaff
Missiles
 e - 4 boomerangs (quivered)
 j - 10 stones
Armour
 b - a +0 scale mail (worn)
 c - a +0 buckler (worn)
 i - a +0 ring mail
 k - a +0 leather armour
 s - a +0 ring mail
Scrolls
 h - a scroll of fear {unknown}
 l - 3 scrolls of poison {unknown}
 m - a scroll of enchant armour {unknown}
 r - a scroll of identify {unknown}
 u - a scroll of blinking {unknown}
 v - a scroll of immolation {unknown}
Potions
 d - a potion of might
 f - a potion of brilliance {unknown}
 g - a potion of curing {unknown}


   Skills:
 + Level 3.8 Fighting
 + Level 2.5 Long Blades
 + Level 4.1 Armour
 + Level 3.9 Shields


You had one spell level left.
You didn't know any spells.
Your spell library contained the following spells:

 Spells                   Type           Power      Damage    Failure   Level
 Kiss of Death            Conj/Necr      0%         2d5       88%         1
 Ozocubu's Armour         Ice            0%         N/A       99%         3
 Arcjolt                  Conj/Air       0%         1d10      100%        5
 Fireball                 Conj/Fire      0%         3d3       100%        5
 Metabolic Englaciation   Hex/Ice        0%         N/A       100%        5
 Sculpt Simulacrum        Ice/Alch       0%         N/A       100%        6


Dungeon Overview and Level Annotations

Branches:
Dungeon (2/15)

Altars:


Innate Abilities, Weirdness & Mutations

You have a pair of horns on your head.
You reflexively headbutt those who attack you in melee.


Message History

v - a scroll labelled SOMNICH YXZEYCK HP restored.
No target in view!
Found a leather armour.
What are your orders? t - Shout!
Orders for allies: a - Attack new target. r - Retreat! s - Stop attacking. g - Guard the area. f - Follow me.
Anything else - Cancel.
Retreat in which direction?
Press: ? - help, Dir - move target, f - you
Okay, then.
Okay, then.
Okay, then.
Okay, then.
Sorry, you're not good enough to have a special ability.
Okay, then.
Throw: 4 boomerangs
Press: ? - help, Q - select action, (/) - cycle Shift-Dir - straight line, f - you
Okay, then.
There are no items here.
You are now empty-handed.
a - a +0 long sword (weapon)
You don't know any spells.
Press: ? - help, v - describe, . - travel The floor.
Hit: a) +0 long sword
Press: ? - help, Dir - move target, f - you
Okay, then.
Unknown command.
Found a stone staircase leading down.
Unknown command.
Annotate which branch? (. - D:2, ? - help, ! - show branch list)
Okay, then.
Welcome back, SchramBam the Minotaur Fighter.
Press ? for a list of commands and other information.
Are you sure you want to abandon this character and quit the game? (Confirm with "yes".)
Okay, then.
Are you sure you want to abandon this character and quit the game? (Confirm with "yes".)

###### .....####
.###....#######
#.##.......[..##########
..#.............@.....>#
...#............######.#
.###............### #.
#................
........##.....♣♣♣♣..
.....########.♣♣ .....
#.♣ .###.# #.♣ .# #.#
..♣


There were no monsters in sight!

Vanquished Creatures
  A bat (D:2)
  An endoplasm (D:2)
  A giant cockroach (D:1)
  2 goblins (D:2)
  A hobgoblin (D:2)
  A kobold (D:2)
  3 ball pythons
  A frilled lizard (D:1)
  4 rats
15 creatures vanquished.

Notes
Turn   | Place    | Note
-------+----------+-------------------------------------------
     0 | D:1      | SchramBam the Minotaur Fighter began the quest for the Orb.
     0 | D:1      | Reached XP level 1. HP: 19/19 MP: 0/0
   419 | D:1      | You fall into a shaft and drop 1 floor!
   450 | D:2      | Reached skill level 4 in Armour
   455 | D:2      | Reached XP level 2. HP: 27/27 MP: 1/1
   470 | D:2      | Got the Book of Power and Combustion
   624 | D:2      | Quit the game

Illustrated notes

Levels and vault maps discovered:
D:1:      psy_arrival_dodecagon, layout_loops_ring
D:2:      layout_basic, nrook_campfire, serial_park_tiny_pond,
          minmay_pentomino_p4

Skill      XL: |  1 |
---------------+----+-----
Armour         | 4 |  4.1
Fighting       | |  3.8
Long Blades    | |  2.5
Shields        | |  3.9

Action                     || total
---------------------------++-------
  Melee: Long sword        ||    25
         Headbutt          ||     3
  Throw: Boomerang         ||    12
    Use: Potion            ||     1
 Armour: Scale mail        ||    18
  Dodge: Dodged            ||    11
  Block: Buckler           ||     5
